AoeStats
← AIDOS

Arena

510294630Analyzed
3v3 RM · 1d ago on Sep 30, 2026· 63m 11s· 6 players
Game mode
Random Map
Map size
Normal (6 player)
Population
200
Speed
Normal
Resources
Standard
Victory
Conquest
Starting age
Dark Age
Ending age
Imperial Age
RankedLock teamsTeams togetherTeam positionsShared explorationLock speedFull tech treeHidden civsTurbo modeCheats
Victory
Defeat
🇫🇷 Vietnamese · France
608
+19
🇰🇿 Slavs · Kazakhstan
604
+19
🇳🇱 Persians · Netherlands
555
+21
🇦🇺 Mongols · Australia
715
-21
🇧🇷 Bulgarians · Brazil
683
-20
🇦🇺 Poles · Australia
622
-33
nonodaubresse45
0:33 Loom
12:24 Feudal Age
13:44 Wheelbarrow
14:00 Horse Collar
15:07 Double-Bit Axe
22:55 Arson
23:08 Gold Mining
23:12 Stone Mining
24:09 Forging
23:50 Fletching
24:11 Town Watch
27:26 Castle Age
28:30 Heavy Plow
28:47 Hand Cart
28:47 Bow Saw
29:16 Stone Shaft Mining
30:45 Treadmill Crane
33:03 Masonry
33:46 Town Patrol
36:34 Imperial Age
35:02 Iron Casting
34:22 Bodkin Arrow
34:56 Pikeman
35:36 Squires
36:49 Padded Archer Armor
36:50 Scale Mail Armor
43:03 Chemistry
43:00 Bracer
46:02 Halberdier
46:58 Husbandry
53:52 Two-Man Saw
53:11 Leather Archer Armor
53:02 Scale Barding Armor
53:13 Chain Mail Armor
55:12 Coinage
55:16 Crop Rotation
57:20 Cavalier
57:20 Light Cavalry
cassadorr
12:29 Feudal Age
16:33 Castle Age
14:56 Double-Bit Axe
17:44 Horse Collar
20:08 Bow Saw
22:38 Heavy Plow
22:35 Gold Mining
27:06 Wheelbarrow
28:35 Hand Cart
33:32 Imperial Age
31:16 Scale Barding Armor
31:12 Scale Mail Armor
31:23 Forging
32:20 Detinets
32:34 Man-at-Arms
32:34 Pikeman
33:15 Squires
34:07 Gold Shaft Mining
33:23 Stone Mining
35:20 Crop Rotation
35:56 Two-Man Saw
35:01 Druzhina
35:22 Conscription
35:39 Hoardings
36:04 Halberdier
36:05 Long Swordsman
37:19 Chain Barding Armor
37:15 Chain Mail Armor
37:35 Iron Casting
37:40 Masonry
37:36 Siege Engineers
38:34 Two-Handed Swordsman
44:14 Plate Barding Armor
44:10 Plate Mail Armor
44:41 Blast Furnace
51:17 Light Cavalry
52:07 Bloodlines
55:30 Hussar
63:04 Plate Barding Armor
harrold sweigermeister
15:47 Feudal Age
17:29 Wheelbarrow
16:41 Double-Bit Axe
16:40 Horse Collar
20:45 Castle Age
18:48 Scale Mail Armor
18:49 Padded Archer Armor
18:41 Fletching
21:04 Scale Barding Armor
20:35 Man-at-Arms
21:58 Heavy Plow
23:49 Hand Cart
33:42 Stone Mining
33:43 Gold Mining
34:15 Bow Saw
37:09 Imperial Age
35:32 Pikeman
37:16 Gold Shaft Mining
37:16 Stone Shaft Mining
38:10 Halberdier
38:17 Halberdier
38:53 Heavy Camel Rider
40:47 Caravan
41:29 Crop Rotation
41:46 Squires
41:32 Gambesons
42:16 Kamandaran
45:12 Crossbowman
46:01 Thumb Ring
46:20 Town Watch
48:25 Two-Man Saw
48:21 Bloodlines
48:15 Husbandry
49:45 Capped Ram
49:45 Onager
50:05 Elite War Elephant
53:04 Siege Ram
58:14 Chain Barding Armor
58:09 Chain Mail Armor
57:50 Bodkin Arrow
58:06 Forging
58:11 Leather Archer Armor
58:15 Citadels
62:17 Parthian Tactics
AIDOS
12:29 Feudal Age
12:57 Horse Collar
13:08 Double-Bit Axe
14:45 Wheelbarrow
18:47 Castle Age
17:44 Stone Mining
17:45 Gold Mining
21:13 Stone Shaft Mining
20:41 Heavy Plow
22:50 Hand Cart
22:50 Bow Saw
25:24 Man-at-Arms
26:07 Squires
28:55 Long Swordsman
29:21 Arson
29:45 Caravan
33:45 Ballistics
33:06 Treadmill Crane
33:37 Masonry
35:30 Guard Tower
35:37 Murder Holes
36:17 Scale Barding Armor
36:13 Scale Mail Armor
36:13 Padded Archer Armor
36:19 Town Watch
36:21 Loom
40:28 Imperial Age
38:57 Chain Barding Armor
38:52 Chain Mail Armor
39:25 Fortified Wall
40:04 Sanctity
39:44 Devotion
39:56 Fervor
39:42 Herbal Medicine
41:04 Arrowslits
42:20 Chemistry
43:03 Elite Obuch
44:31 Onager
46:20 Cavalier
47:00 Husbandry
46:21 Light Cavalry
48:31 Bloodlines
54:02 Faith
54:17 Theocracy
53:54 Redemption
55:15 Elite Obuch
57:36 Winged Hussar
cXb_Foxtrot
0:28 Loom
11:00 Feudal Age
17:57 Castle Age
16:08 Double-Bit Axe
17:15 Horse Collar
17:51 Gold Mining
17:56 Stone Mining
20:21 Heavy Plow
22:49 Bow Saw
24:45 Caravan
26:59 Stirrups
32:16 Imperial Age
30:47 Scale Barding Armor
30:55 Forging
32:38 Murder Holes
32:55 Masonry
33:10 Chain Barding Armor
33:27 Iron Casting
33:39 Conscription
34:22 Crop Rotation
34:33 Wheelbarrow
35:21 Capped Ram
36:18 Elite Konnik
40:35 Scale Mail Armor
40:00 Pikeman
40:41 Squires
40:27 Arson
44:35 Blast Furnace
44:26 Architecture
44:04 Siege Engineers
44:48 Plate Barding Armor
44:29 Chain Mail Armor
45:02 Gold Shaft Mining
46:23 Plate Mail Armor
46:47 Fletching
49:01 Halberdier
Blayx
4:21 Loom
11:19 Feudal Age
12:35 Double-Bit Axe
18:26 Castle Age
17:06 Wheelbarrow
19:36 Bow Saw
19:44 Husbandry
20:05 Padded Archer Armor
20:03 Horse Collar
23:07 Gold Mining
27:28 Heavy Plow
30:20 Thumb Ring
32:43 Leather Archer Armor
32:19 Fletching
32:35 Scale Barding Armor
33:01 Ballistics
38:04 Hand Cart
43:29 Atonement
52:51 Imperial Age
53:27 Elite Mangudai
55:35 Caravan
57:34 Light Cavalry
60:08 Heavy Camel Rider
Connection lost

Rejoining the realm…

Still unreachable

The connection could not be restored.

Session expired

The server has moved on; the page needs a fresh start.